 Dungeon Crawl Stone Soup version 0.26-a0-610-g3e9335bbc7 (webtiles) character file.

Game seed: 1983803543252460963

607 MrRokkomies the Stinger (level 7, -3/41 HPs)
             Began as an Octopode Venom Mage on Sept 4, 2020.
             Was a Believer of Dithmenos.
             Slain by a centaur (10 damage)
             ... on level 5 of the Dungeon.
             The game lasted 00:09:32 (5605 turns).

MrRokkomies the Stinger (Octopode Venom Mage)       Turns: 5605, Time: 00:09:32

Health: -3/41      AC:  1    Str:  7    XL:     7   Next: 43%
Magic:  10/10      EV: 15    Int: 19    God:    Dithmenos [**....]
Gold:   178        SH:  0    Dex: 13    Spells: 4/10 levels left

rFire    . . .     SeeInvis +   a - +1 broad axe
rCold    . . .     Faith    .   (no shield)
rNeg     . . .     Spirit   .   (helmet restricted)
rPois    .         Reflect  .   (no amulet)
rElec    .         Harm     .   t - ring of see invisible
rCorr    .                      (no ring)
MR       .....                  (no ring)
Stlth    ++++......             (no ring)
HPRegen  0.13/turn              (no ring)
MPRegen  0.12/turn              (no ring)
                                (no ring)
                                (no ring)

@: wreathed by umbra, lightly drained
A: almost no armour, stealthy swim, amphibious, 8 rings, constrict 8, camouflage
1, gelatinous body 1
a: Shadow Step, Renounce Religion


You were on level 5 of the Dungeon.
You worshipped Dithmenos.
Dithmenos was pleased with you.
You visited 2 branches of the dungeon, and saw 6 of its levels.
You also visited: Ossuary.

You collected 178 gold pieces.

Inventory:

Hand Weapons
 a - a +1 broad axe (weapon)
 b - a +0 hunting sling
 m - a +0 dagger
Missiles
 j - 13 poisoned darts (quivered)
 o - 38 stones
 p - 22 sling bullets
Jewellery
 t - a ring of see invisible (left tentacle)
Wands
 c - a wand of digging (6)
 n - a wand of flame (13)
Scrolls
 e - a scroll of enchant weapon
 h - 3 scrolls of remove curse
 l - a scroll of fear
Potions
 d - 3 potions of curing {unknown}
 f - a potion of flight {unknown}
 g - 2 potions of might
 i - a potion of cancellation {unknown}
 k - 3 potions of brilliance
 q - a potion of haste {unknown}
 r - 4 potions of lignification
 s - a potion of mutation {unknown}


   Skills:
 * Level 4.9(4.4) Dodging
 + Level 5.1(4.6) Stealth
 - Level 2.0(1.5) Spellcasting
 + Level 3.0(2.6) Transmutations
 * Level 6.5(6.0) Poison Magic


You had 4 spell levels left.
You knew the following spells:

 Your Spells              Type           Power        Failure   Level
a - Sting                 Tmut/Pois      ###.         3%          1
b - Poisonous Vapours     Pois/Air       ##....       8%          2
c - Mephitic Cloud        Conj/Pois/Air  #.......     24%         3

Your spell library contained the following spells:

 Spells                   Type           Power        Failure   Level
 Ignite Poison            Fire/Tmut/Pois ##......     16%         3
 Olgreb's Toxic Radiance  Pois           ###.....     16%         4


Dungeon Overview and Level Annotations

Branches:
Dungeon (5/15)             Temple (1/1) D:5         Ossuary (visited)

Altars:
Cheibriados
Dithmenos
Elyvilon
Hepliaklqana
Kikubaaqudgha
Makhleb
Ru
Sif Muna
Trog
Uskayaw
Vehumet
Wu Jian
Xom
Yredelemnul
Zin
The Shining One


Innate Abilities, Weirdness & Mutations

You cannot wear most types of armour.
You are very stealthy in the water. (Stealth+)
You are amphibious.
You can wear up to eight rings at the same time.
You can use your tentacles to constrict eight enemies at once.
Your skin changes colour to match your surroundings (Stealth+).
Your rubbery body absorbs attacks. (AC +1, EV +1)


Message History

A centaur comes into view.
The centaur shouts!
The centaur wields a +0 shortbow.
The centaur shoots an arrow.
The arrow barely misses you.
You see here an arrow.
The centaur shoots an arrow.
The arrow hits you.
The centaur shoots an arrow.
The arrow hits you.
The centaur shoots an arrow.
The arrow closely misses you.
You see here an arrow.
The centaur shoots an arrow.
The arrow hits you!
You see here an arrow.
You are too injured to fight recklessly!
You are too injured to fight recklessly!
You are too injured to fight recklessly!
The centaur shoots an arrow.
The arrow hits you!
You see here an arrow.
The centaur unwields a +0 shortbow.
The centaur hits you!
* * * LOW HITPOINT WARNING * * *
The centaur hits you!
You die...

#.##*********,*********** *,
#..#*,* **,,* *, #.)#*,* *,,,* *,
#####..#*,* #**,*,**# *,
....)).#*,###.,,*,,.# *,
######.#*,#...#####.# *,
.......#*,#.#...#...* *,
#########,#.#*#.#.#*************,
# #.#.# #.@.# *,,,,,,,,,**, #
#.#.###(.c#**,*******,**, #
#....((.#.....# **,*,,, ######
###(###...##### *,***,, .....#
#.# ##.## **,*,,* ####.######.#
*.# *,,,,* # #........# *.#
***,,,,* # #..####### *.#
*,,,,,>, #**#..#*********.#***
*,,,,,,,


You could see a centaur.

Vanquished Creatures
  Eustachio (D:5)
  An orc priest (D:4)
  An iguana (D:5)
  An orc wizard (D:4)
  2 worker ants
  4 big kobold zombies (Ossuary)
  A mummy (Ossuary)
  7 gnolls
  7 adders
  An ufetubus (D:5)
  An ooze (D:4)
  3 dart slugs
  2 orcs (D:4)
  3 spectral bats (Ossuary)
  2 giant cockroaches
  8 gnoll zombies (Ossuary)
  7 goblins
  7 hobgoblins
  3 jackals (D:3)
  2 quokkas
  2 ball pythons (D:3)
  5 bats (D:1)
  3 bat simulacra (Ossuary)
  7 frilled lizards
  2 goblin simulacra (Ossuary)
  7 goblin zombies (Ossuary)
  A hobgoblin zombie (Ossuary)
  3 kobolds (D:1)
  2 kobold simulacra (Ossuary)
  7 kobold zombies (Ossuary)
  3 orc zombies (Ossuary)
  4 rats
  2 rat simulacra (Ossuary)
  2 spectral goblins (Ossuary)
  2 spectral kobolds (Ossuary)
  5 spectral rats (Ossuary)
121 creatures vanquished.

Notes
Turn   | Place    | Note
-------+----------+-------------------------------------------
     0 | D:1      | MrRokkomies the Octopode Venom Mage began the quest for the
                  | Orb.
     0 | D:1      | Reached XP level 1. HP: 11/11 MP: 3/3
   139 | D:1      | Reached XP level 2. HP: 15/17 MP: 1/5
   203 | D:1      | Learned a level 2 spell: Poisonous Vapours
   290 | D:1      | Reached skill level 4 in Poison Magic
   780 | D:1      | Reached XP level 3. HP: 21/21 MP: 6/6
  1576 | D:2      | Reached XP level 4. HP: 22/27 MP: 4/7
  1627 | D:1      | Learned a level 3 spell: Mephitic Cloud
  2387 | D:2      | Reached XP level 5. HP: 23/31 MP: 4/8
  3336 | D:3      | Reached skill level 5 in Poison Magic
  4024 | D:4      | Noticed a phantom
  4092 | D:4      | Reached XP level 6. HP: 34/36 MP: 1/9
  4177 | D:5      | Entered Level 5 of the Dungeon
  4210 | D:5      | Noticed Eustachio
  4225 | D:5      | Killed Eustachio
  4243 | D:5      | Found a staircase to the Ecumenical Temple.
  4255 | Temple   | Entered the Ecumenical Temple
  4457 | Temple   | Became a worshipper of Dithmenos the Shadowed
  4482 | D:5      | Found a sand-covered staircase.
  4487 | Ossuary  | Entered an ossuary
  4607 | Ossuary  | Reached skill level 6 in Poison Magic
  4655 | Ossuary  | Reached * piety under Dithmenos
  4888 | Ossuary  | Reached XP level 7. HP: 28/41 MP: 10/10
  5377 | D:5      | Reached skill level 5 in Stealth
  5495 | D:5      | Reached ** piety under Dithmenos
  5605 | D:5      | Slain by a centaur

Illustrated notes

Levels and vault maps discovered:
D:1:      heliophobic_arrival_battle_scene, layout_loops_corners,
          hangedman_decor_clover_reticule
D:2:      layout_basic, grunt_decor_arrowhead, minmay_misc_feat_roman
D:3:      layout_basic, roderic_roman_lattice
D:4:      layout_loops_ring, lemuel_coloured_pillars_altar,
          lemuel_crystal_altar, ebering_ghost_gozag, uniq_natasha
D:5:      minmay_recursive_quarters, layout_loops_ring,
          minmay_temple_entry_statues_fountains, enter_ossuary_5,
          uniq_eustachio, uniq_menkaure
Temple:   eino_temple_rhombus

Skill      XL: |  1  2  3  4  5  6  7 |
---------------+----------------------+-----
Stealth        | 3 4 5 |  5.1
Poison Magic   | 4 5 6 |  6.5
Dodging        | 3 4 |  4.9
Transmutations | 2 3 |  3.0
Spellcasting   | |  2.0

Action                   |  1- 3 |  4- 6 |  7- 9 || total
-------------------------+-------+-------+-------++-------
Melee: Dagger            |    46 |    38 |       ||    84
       Constrict         |    11 |    28 |    18 ||    57
       Tentacles         |     3 |    17 |    14 ||    34
       Broad axe         |       |   121 |    60 ||   181
 Fire: Hunting sling     |       |       |     4 ||     4
 Cast: Sting             |    16 |    13 |       ||    29
       Poisonous Vapours |       |    12 |       ||    12
  Use: Scroll            |       |    11 |       ||    11
 Stab: Sleeping          |     9 |    20 |     8 ||    37
Armor: Skin              |     3 |    18 |     3 ||    24
Dodge: Dodged            |    32 |   167 |    60 ||   259

Table legend: (Time is in decaauts)
 A = Elapsed time spent in this place.
 B = Non-inter-level travel time spent in this place.
 C = Inter-level travel time spent in this place.
 D = Time resting spent in this place.
 E = Time spent auto-exploring this place.
 F = Levels seen in this place.
 G = Mean time per level.
                   A        B        C        D        E       F      G
               +--------+--------+--------+--------+--------+-----+--------+
         Total |   5712 |   5472 |    240 |    302 |   4243 |   7 |  816.0 |
       Dungeon |   4570 |   4364 |    206 |    302 |   3426 |   5 |  914.0 |
        Temple |    212 |    178 |     34 |      0 |    177 |   1 |  212.0 |
       Ossuary |    929 |    929 |      0 |      0 |    640 |   1 |  929.0 |
               +--------+--------+--------+--------+--------+-----+--------+

Top non-repeatable levels by time:
     D:1: 1442 daAuts
     D:2: 1318 daAuts
     D:3: 1089 daAuts
 Ossuary: 929 daAuts
     D:5: 370 daAuts
     D:4: 349 daAuts
  Temple: 212 daAuts
